[Event "Late-Titled-Tuesday-Blitz-June-25-2024"]
[Site "Chess.com"]
[Date "2024.06.25"]
[Round "1"]
[White "sari07"]
[Black "varunkrishnanchess"]
[Result "0-1"]
[WhiteElo "2362"]
[BlackElo "2648"]
[TimeControl "180+1"]
[EndTime "14:07:46 PDT"]
[Termination "varunkrishnanchess won by resignation"]

1. d4 Nf6 2. Nc3 d5 3. Bf4 h6 4. Nb5 Na6 5. e3 c6 6. Nc3 Bf5 7. Bxa6 bxa6 8. Nf3 e6 9. O-O Be7 10. Ne5 Qc8 11. Na4 Bh7 12. Rc1 Qb7 13. c4 O-O 14. b3 Ba3 15. Ra1 Rad8 16. Qe2 Nd7 17. Qg4 Nf6 18.
Qe2 Be7 19. Rfd1 Ne4 20. f3 Nd6 21. Nc5 Qc8 22. e4 dxe4 23. fxe4 a5 24. Rac1 Nb7 25. Nxb7 Qxb7 26. Rc3 Bf6 27. Rg3 Kh8 28. Qe3 g5 29.
Ng4 gxf4 30. Qxf4 Bg5 31. Qe5+ f6 32. Qxe6 Qd7 33. Qxd7 Rxd7 34. d5 Bxe4 35. d6 Rfd8 36. c5 Re8 37. h4 Bxh4 38. Rh3 Bg5 39. Nxh6 Kg7 40. Ng4 Bf5 41. Rg3 Bxg4 42. Rxg4 Re2 43. Kf1 Rxa2 44. Re4 Kf7 45. Rde1 Rd2 46. Re7+ Rxe7 47.
Rxe7+ Kf8 48. Rxa7 Be3 49. g4 Bxc5 50. Ra8+ Kf7 51.
Rxa5 Bxd6 52. Ra7+ Ke6 0-1

[Event "Late-Titled-Tuesday-Blitz-June-25-2024"]
[Site "Chess.com"]
[Date "2024.06.25"]
[Round "1"]
[White "edgarhay012"]
[Black "Tigranpatagonian"]
[Result "0-1"]
[WhiteElo "2708"]
[BlackElo "2443"]
[TimeControl "180+1"]
[EndTime "14:07:47 PDT"]
[Termination "Tigranpatagonian won by resignation"]

1. Nc3 g6 2. d4 Bg7 3. h4 c5 4. dxc5 Bxc3+ 5. bxc3 Qa5 6. h5 Qxc3+ 7. Bd2 Qxc5 8. Nf3 Nf6 9. e3 Nc6 10. Be2 Nxh5 11.
Rb1 Nf6 12. Rh4 a6 13. Nd4 d6 14. Nxc6 Qxc6 15. Bf3 Qc7 16. a4 Rb8 17. a5 Be6 18. Rhb4 Nd5 19. R4b3 O-O 20. Kf1 b5 21. axb6 Nxb6 22. Rb4 Nc4 23. Bc3 Rxb4 24. Bxb4 Rb8 25. Rb3 a5 26. Bc3 Nxe3+ 27. fxe3 Bxb3 28. Qd4 Qc4+ 29.
Kf2 Qxd4 30. exd4 Bxc2 31. Bxa5 Rb5 32. Bc3 Bb3 33. Ke3 Bd5 34. Bd1 Bxg2 35. Ba4 Rb8 36. Bd7 Bd5 37. Ba5 Ra8 38. Bd2 Ra3+ 39. Kf4 Kg7 40. Be1 Rf3+ 41. Kg4 f6 42. Kh4 h5 43.
Bd2 Rd3 44. Bf4 Bf7 45. Bg5 Rxd4+ 46. Bf4 g5+ 47. Kh3 Rxf4 48. Bc8 d5 49. Bb7 d4 50. Kg3 d3 51. Ba6 d2 52. Be2 h4+ 53. Kh3 Kh6 54.
Bd1 Bh5 55. Bc2 Rc4 56. Bb3 Rc3+ 57. Kh2 Rxb3 58. Kg2 d1=Q 0-1

[Event "Late-Titled-Tuesday-Blitz-June-25-2024"]
[Site "Chess.com"]
[Date "2024.06.25"]
[Round "1"]
[White "Zura_19"]
[Black "VirtualCoach"]
[Result "1-0"]
[WhiteElo "2627"]
[BlackElo "2330"]
[TimeControl "180+1"]
[EndTime "14:07:49 PDT"]
[Termination "Zura_19 won by resignation"]

1. d4 Nf6 2. Nf3 e6 3. Bg5 d5 4. e3 Be7 5. Nbd2 O-O 6. Bd3 Nbd7 7. c3 c5 8. Ne5 h6 9. Nxd7 Nxd7 10. Bxe7 Qxe7 11. f4 b6 12. O-O Bb7 13. Rf3 Nf6 14. Rg3 Ne4 15. Bxe4 dxe4 16. Qh5 Qf6 17. Nc4 Bd5 18.
Ne5 Kh7 19. Nd7 Qf5 20. Nxf8+ Rxf8 21. Qxf5+ exf5 22. h4 Be6 23. Rh3 h5 24. Kf2 Rd8 25. Rhh1 c4 26. b3 b5 27. bxc4 Bxc4 28. a4 a6 29.
Rhb1 Rc8 30. Ra3 Bd3 31. Rb4 a5 32. Rxb5 Bxb5 33. axb5 a4 34. Rxa4 Rxc3 35. Rb4 Rc7 36. b6 Rb7 37. Ke2 Kg6 38. Kd2 Kf6 39. Kc3 Ke6 40. Kc4 Kd6 41. Kb5 Kd7 42. Ka6 Kc8 43. Rc4+ Kb8 44. Rc7 Rxc7 45. bxc7+ Kxc7 46. Kb5 Kd6 47. Kc4 f6 48. g3 Kc6 49. Kb4 Kd6 50. Kb5 Kd5 51. Kb4 Kd6 52. Kc4 g6 53. d5 g5 54.
Kd4 Kd7 55. Kc5 Kc7 56. d6+ Kd7 57. Kd5 g4 58. Kc5 Ke6 59. Kc6 Kf7 60. d7 Kg6 61.
d8=Q 1-0

[Event "Late-Titled-Tuesday-Blitz-June-25-2024"]
[Site "Chess.com"]
[Date "2024.06.25"]
[Round "1"]
[White "TigrVShlyape"]
[Black "Cxrjs"]
[Result "1/2-1/2"]
[WhiteElo "2999"]
[BlackElo "2520"]
[TimeControl "180+1"]
[EndTime "14:07:51 PDT"]
[Termination "Game drawn by repetition"]

1. e4 e5 2. Nf3 Nc6 3. Bb5 a6 4. Ba4 Nf6 5. O-O Be7 6. Re1 b5 7. Bb3 d6 8. c3 O-O 9. d4 Bg4 10. d5 Na5 11. Bc2 Qc8 12. h3 Bd7 13. Bg5 h6 14. Bh4 c6 15. dxc6 Qxc6 16. Nbd2 Be6 17. Rc1 Nc4 18. b3 Nxd2 19. Nxd2 Qxc3 20. Bb1 Qa5 21. Nf1 Rac8 22. Qe2 Rxc1 23. Rxc1 Rc8 24. Rd1 Qb4 25. Qf3 a5 26. Ne3 a4 27. Nf5 Bxf5 28.
Qxf5 Rc7 29. bxa4 Qxa4 30. Qf3 b4 31. Kh2 Rc3 32. Qe2 b3 33. axb3 Qxb3 34. Ba2 Qc2 35. Qxc2 Rxc2 36. Bb3 Rb2 37. Bxf6 Bxf6 38. Bc4 Rxf2 39.
Rxd6 Bg5 40. Kg3 Rf6 41. Rd7 Bf4+ 42. Kf2 h5 43. g3 Bg5+ 44. Kg2 h4 45. Rd8+ Kh7 46.
Re8 hxg3 47. Rxe5 Bf4 48. Rf5 Rxf5 49. exf5 f6 50. Kf3 Be5 51. Bd5 Kh6 52. Kg4 Bd6 53.
h4 Be5 54. Be4 Bd6 55. h5 Be5 56. Bd5 Bd6 57. Be4 Be5 58. Bd5 Bd6 59. Be4 1/2-1/2

[Event "Late-Titled-Tuesday-Blitz-June-25-2024"]
[Site "Chess.com"]
[Date "2024.06.25"]
[Round "1"]
[White "Mihajlovskij"]
[Black "GrotBchess"]
[Result "0-1"]
[WhiteElo "2288"]
[BlackElo "2607"]
[TimeControl "180+1"]
[EndTime "14:07:51 PDT"]
[Termination "GrotBchess won by resignation"]

1. e4 e6 2. d4 d5 3. e5 c5 4. c3 Bd7 5. Nf3 Qb6 6. Bd3 Bb5 7. dxc5 Bxc5 8. b4 Be7 9. Be3 Qa6 10. Bxb5+ Qxb5 11. Na3 Qd7 12. Qd3 Nc6 13. O-O a5 14. Rfd1 axb4 15.
Nc4 Qc7 16. Nb6 Ra6 17. cxb4 Rxb6 18. Bxb6 Qxb6 19. b5 Nd8 20. a4 Qa5 21. Nd4 Nh6 22.
Nb3 Qb4 23. a5 O-O 24. a6 bxa6 25. bxa6 Nc6 26. a7 Ra8 27. Qa6 Nxa7 28. Rdb1 g6 29.
Na5 Qc5 30. Nc6 Qxc6 31. Qxc6 Nxc6 32. Rxa8+ Kg7 33. f4 g5 34. g3 Nd4 35. Kf2 Ng4+ 36. Kg2 h5 37. Rb7 Nf5 38. fxg5 Bxg5 39. Ra6 Kg6 40. h3 Nxe5 41. Ra8 Bf6 42. Rg8+ Bg7 43. Ra8 d4 44. Ra5 d3 45. Kf2 d2 46. Ke2 Ne3 47. Ra1 d1=Q+ 48. Rxd1 Nxd1 49. Kxd1 h4 50. gxh4 Bf6 51. Rb5 Nf3 52. Rb7 Nxh4 53. Kd2 Nf5 54. Ke2 e5 55. Kf3 e4+ 56. Ke2 Bg5 57. Rb6+ f6 58. Rb5 Nd4+ 0-1

[Event "Late-Titled-Tuesday-Blitz-June-25-2024"]
[Site "Chess.com"]
[Date "2024.06.25"]
[Round "1"]
[White "Viktor_Poddubnyi"]
[Black "crazy_but_lazy"]
[Result "0-1"]
[WhiteElo "2348"]
[BlackElo "2638"]
[TimeControl "180+1"]
[EndTime "14:07:53 PDT"]
[Termination "crazy_but_lazy won on time"]

1. e4 c5 2. Nf3 g6 3. d4 cxd4 4.
Qxd4 Nf6 5. e5 Nc6 6. Qa4 Nd5 7. Qe4 Nb6 8. Nc3 Bg7 9. Bf4 d5 10. exd6 Bf5 11. dxe7 Qd7 12. Qe3 Qxe7 13. Qxe7+ Kxe7 14. Bg5+ f6 15. Be3 Rhd8 16. Bb5 Rac8 17. O-O Nb4 18. Nd4 Bd7 19. Bxd7 Rxd7 20. a3 N4d5 21. Nxd5+ Nxd5 22. Rfe1 Kf7 23. c3 f5 24. Rad1 Rcd8 25. Nf3 Nxe3 26.
Rxd7+ Rxd7 27. fxe3 Re7 28. Kf2 Bf6 29. Rd1 g5 30.
Nd4 Kg6 31. g3 h5 32. Nb5 a6 33. Nd4 Be5 34. Ne2 Bc7 35. Rd5 Kf6 36. Nd4 Be5 37.
Rd8 h4 38. Rf8+ Kg6 39. Nxf5 hxg3+ 40. hxg3 Rd7 41. Nd4 Rh7 42. Re8 Rh2+ 43. Kf3 Bf6 44. b4 Ra2 45. Rb8 b5 0-1

[Event "Late-Titled-Tuesday-Blitz-June-25-2024"]
[Site "Chess.com"]
[Date "2024.06.25"]
[Round "1"]
[White "glucolisis04"]
[Black "Grossboss19"]
[Result "0-1"]
[WhiteElo "2304"]
[BlackElo "2612"]
[TimeControl "180+1"]
[EndTime "14:07:54 PDT"]
[Termination "Grossboss19 won by resignation"]

1. d4 f5 2. c4 Nf6 3. g3 g6 4.
Bg2 Bg7 5. Nf3 O-O 6. O-O d6 7. b3 Qe8 8. Bb2 e6 9. Nbd2 Nbd7 10. Qc2 d5 11. Rac1 c6 12. Ba3 Ne4 13. Bxf8 Bxf8 14. Nxe4 fxe4 15. Ne5 Nxe5 16. dxe5 Bg7 17. f4 exf3 18.
exf3 Bxe5 19. Rfe1 Bd4+ 20. Kh1 Qf7 21. f4 Bd7 22. Qd3 Bf6 23. Rcd1 Re8 24. Bf3 Kg7 25. Kg2 Re7 26. b4 a6 27. a4 Be8 28. cxd5 exd5 29. Rxe7 Qxe7 30. Qe2 Qxe2+ 31. Bxe2 b5 32. Rc1 Bb2 33.
Rb1 Bc3 34. Rb3 d4 35. a5 Bf7 36. Rb1 Ba2 37. Rd1 Bb3 38. Rb1 Ba2 39. Rc1 Be6 40.
Bf3 Bd7 41. Rd1 Kf6 42. Be4 Ke7 43. Kf3 Kd6 44. g4 c5 45. bxc5+ Kxc5 46. Bb7 b4 47. Bxa6 b3 48. Bd3 Bxa5 49. Rb1 Bc6+ 50. Be4 Ba4 51. f5 gxf5 52. gxf5 Bd8 53. Ra1 Kb4 54. Bb1 Bc6+ 55. Ke2 Kc3 56. Ra6 Bb5+ 0-1

[Event "Late-Titled-Tuesday-Blitz-June-25-2024"]
[Site "Chess.com"]
[Date "2024.06.25"]
[Round "1"]
[White "bazar-wokzal"]
[Black "SujanaLohani"]
[Result "1/2-1/2"]
[WhiteElo "2597"]
[BlackElo "2278"]
[TimeControl "180+1"]
[EndTime "14:07:54 PDT"]
[Termination "Game drawn - insufficient material"]

1. e4 c5 2. c3 Nf6 3. e5 Nd5 4.
d4 cxd4 5. cxd4 Nc6 6. Nc3 Nxc3 7. bxc3 d6 8. f4 dxe5 9. fxe5 Bf5 10. Nf3 e6 11. Bd3 Bxd3 12. Qxd3 Be7 13. O-O O-O 14. Rb1 b6 15. Rb2 Rc8 16. Rbf2 Na5 17. h4 h6 18. h5 Qc7 19. Bd2 Qc4 20. Qe4 Qc6 21. Qg4 Kh8 22.
Nh2 Qe8 23. Qg3 f5 24. exf6 Bxf6 25. Ng4 Qxh5 26. Nxf6 gxf6 27. Rxf6 Rxf6 28. Rxf6 Rg8 29. Qf3 Qxf3 30. Rxh6+ Kg7 31. gxf3 Nc4 32. Bc1 e5 33.
Kf2 exd4 34. cxd4 Rd8 35. Rh4 Nd6 36. Bf4 Nf5 37. Be5+ Kg6 38. Rg4+ Kf7 39. Ke2 Rc8 40.
Kd3 Rc1 41. Ke4 Ne7 42. Rg7+ Ke6 43. Rh7 Re1+ 44. Kd3 Ra1 45. Rh2 Nd5 46. Re2 Nb4+ 47. Kc4 Rxa2 48. Rxa2 Nxa2 49. Bf4 a5 50. d5+ Kd7 51.
Bd2 a4 52. f4 Kd6 53. f5 b5+ 54. Kxb5 Kxd5 55. f6 Ke6 56. Kxa4 Kxf6 1/2-1/2

[Event "Late-Titled-Tuesday-Blitz-June-25-2024"]
[Site "Chess.com"]
[Date "2024.06.25"]
[Round "1"]
[White "medinapazmiguel1968"]
[Black "Arystanner"]
[Result "0-1"]
[WhiteElo "2468"]
[BlackElo "2819"]
[TimeControl "180+1"]
[EndTime "14:07:55 PDT"]
[Termination "Arystanner won by resignation"]

1. d4 d5 2. c4 e6 3. Nf3 a6 4. c5 b6 5. cxb6 cxb6 6. Nc3 Bd6 7. Bg5 Nf6 8. e3 O-O 9. Bd3 Bb7 10. O-O Nbd7 11. Rc1 h6 12. Bh4 Rc8 13. a4 Be7 14. Qe2 Ra8 15. Rfd1 Ne4 16. Bxe7 Qxe7 17. Nd2 Nd6 18. f3 e5 19. dxe5 Nxe5 20. Nb3 Rfe8 21.
Re1 Ndc4 22. Nd4 Nxd3 23. Qxd3 Nxb2 24. Qf5 Rad8 25. Kf2 Nc4 26. Qd3 Qe5 27. f4 Qf6 28. g3 Rc8 29. Qf5 Nxe3 30. Qxf6 Ng4+ 31. Kf3 Nxf6 32. Rxe8+ Nxe8 33. Ke3 Nd6 34. Kd3 Ne4 35.
Nde2 Nc5+ 36. Ke3 Bc6 37. Rb1 Re8+ 38. Kf2 Nxa4 39. Nxa4 Bxa4 40. Rxb6 Bb5 41. Nd4 Bc4 42. Nf5 Re2+ 43. Kg1 a5 44. Rb8+ Kh7 45. Ra8 Ra2 46.
h4 h5 47. Nd6 Kg6 48. Ra7 f5 49. Nf7 Kf6 50. Ne5 a4 51. Rf7+ Ke6 52. Rxg7 a3 53.
g4 hxg4 54. h5 Rb2 55. Rg6+ Ke7 56. Rg7+ Kd6 57. Rg6+ Kc5 58. Nd7+ Kd4 59. h6 a2 60. Ra6 Bxa6 0-1

[Event "Late-Titled-Tuesday-Blitz-June-25-2024"]
[Site "Chess.com"]
[Date "2024.06.25"]
[Round "1"]
[White "chessdoll90"]
[Black "LiemLe"]
[Result "0-1"]
[WhiteElo "2516"]
[BlackElo "3023"]
[TimeControl "180+1"]
[EndTime "14:07:56 PDT"]
[Termination "LiemLe won on time"]

1. d4 Nf6 2. Nf3 g6 3. g3 Bg7 4.
Bg2 d6 5. c4 O-O 6. Nc3 Nc6 7.
O-O e5 8. Bg5 h6 9. Bxf6 Bxf6 10. e3 Bg4 11. d5 Ne7 12. Qd2 Bg7 13. Ne1 Bd7 14. b4 a5 15. b5 b6 16. a4 f5 17.
f4 Kh7 18. Nf3 e4 19. Nd4 Ng8 20. Rad1 Nf6 21. h3 Qe7 22. Qf2 Rae8 23. Nce2 Bc8 24. Nc6 Qf7 25. Ned4 Nd7 26. Ne6 Rxe6 27. dxe6 Qxe6 28.
Qe2 Nc5 29. Qc2 Qf7 30. Nd4 Re8 31. Rd2 Bd7 32. Rc1 Kh8 33. Qd1 Re7 34. Bf1 g5 35. Rg2 Bf6 36. Be2 Qg7 37. Kh2 Re8 38. Kh1 Rg8 39.
Kh2 gxf4 40. g4 f3 41. Nxf3 exf3 42. Bxf3 Qe7 43. Qe2 Nxa4 44. Rcg1 Nc3 45. Qd3 Qe5+ 46. Kh1 Ne4 47. Bxe4 fxe4 48. Qe2 Bh4 49. Rf1 Be6 50. Qc2 Re8 51. Qe2 a4 52. Qc2 a3 53. Qb3 Ra8 54.
Qa2 Bf6 0-1

[Event "Late-Titled-Tuesday-Blitz-June-25-2024"]
[Site "Chess.com"]
[Date "2024.06.25"]
[Round "1"]
[White "SimplyDevina"]
[Black "xakevicius91"]
[Result "1/2-1/2"]
[WhiteElo "2317"]
[BlackElo "2608"]
[TimeControl "180+1"]
[EndTime "14:07:56 PDT"]
[Termination "Game drawn by repetition"]

1. d4 Nf6 2. c4 e6 3. Nc3 Bb4 4. Nf3 b6 5. g3 Bb7 6. Bg2 O-O 7. O-O Bxc3 8. bxc3 d6 9. Bg5 Nbd7 10. Nd2 Bxg2 11.
Kxg2 h6 12. Bxf6 Nxf6 13. e4 Qe7 14. Qe2 e5 15. d5 Rae8 16. a4 a5 17. Nf3 g6 18. h3 Kg7 19. g4 Nh7 20. Rg1 f5 21. gxf5 gxf5 22. Kh2+ Kh8 23. Rg2 fxe4 24. Nd2 Qh4 25.
Nxe4 Rf4 26. f3 Ng5 27. Nxg5 hxg5 28. Rag1 Rg8 29. Rg4 Qh6 30. Qg2 Rf5 31. h4 Rg6 32. Rh1 Qf8 33. hxg5 Rxf3 34. Kg1+ Kg7 35. Rgh4 Qf5 36.
Rh7+ Kf8 37. Rh8+ Rg8 38. Rxg8+ Kxg8 39. g6 Qf4 40. Rh3 Qe3+ 41. Kh2 Rxh3+ 42. Qxh3 Qxh3+ 43. Kxh3 Kg7 44. Kh4 Kh6 45. g7 Kxg7 46. Kg5 Kf7 47. Kf5 Ke7 48. Kg5 Kf7 49. Kf5 Kg7 50. Kg5 Kh7 51. Kh5 e4 52. Kg4 Kg6 53. Kf4 e3 54. Kxe3 Kg5 55. Kf3 Kf5 56. Ke3 Kg4 57. Ke4 Kg5 58. Ke3 Kg4 59. Ke4 Kg3 60. Ke3 Kg4 1/2-1/2

[Event "Late-Titled-Tuesday-Blitz-June-25-2024"]
[Site "Chess.com"]
[Date "2024.06.25"]
[Round "1"]
[White "BlackBoarder"]
[Black "albayo"]
[Result "1-0"]
[WhiteElo "2699"]
[BlackElo "2402"]
[TimeControl "180+1"]
[EndTime "14:08:00 PDT"]
[Termination "BlackBoarder won on time"]

1. d4 Nf6 2. Nc3 d5 3. Bf4 a6 4.
Nf3 Bf5 5. e3 h6 6. Bd3 Bxd3 7.
cxd3 e6 8. Qb3 b5 9. Rc1 Nbd7 10. O-O c5 11. dxc5 Nxc5 12. Qc2 Rc8 13. Qe2 Bd6 14. Bxd6 Qxd6 15. d4 b4 16. Na4 Nfd7 17. Nxc5 Nxc5 18. dxc5 Rxc5 19. Rxc5 Qxc5 20. Qxa6 O-O 21.
Qd3 Ra8 22. Qb3 Qa5 23. Ra1 Rc8 24. h3 Rc4 25. Nd4 Qc5 26. Rd1 g6 27. Qd3 Kg7 28. g3 Qa5 29. a3 bxa3 30. Qxa3 Qb6 31. b3 Rc7 32. Ra1 e5 33. Nf3 Qf6 34. Kg2 Rc2 35.
Ra2 Rc6 36. Qb2 Re6 37. Ra5 d4 38. exd4 e4 39. Ne5 h5 40. Qe2 Qf5 41. Nc4 Qf6 42.
d5 Re8 43. d6 h4 44. g4 Qe6 45. Qb2+ Kh7 46. Qd4 Rd8 47. Re5 Qf6 48. Qxe4 Qg7 49. g5 Qf8 50. Re7 Kg8 51. Qe5 Qg7 52. Qxg7+ Kxg7 53. b4 Kf8 54. b5 Rb8 55. b6 Rc8 56.
b7 Rb8 57. Ne5 f6 58. Nd7+ Kg8 59. Nxb8 fxg5 60. Nc6 1-0

[Event "Late-Titled-Tuesday-Blitz-June-25-2024"]
[Site "Chess.com"]
[Date "2024.06.25"]
[Round "1"]
[White "tgpgoat"]
[Black "BilodeauA"]
[Result "0-1"]
[WhiteElo "2510"]
[BlackElo "2994"]
[TimeControl "180+1"]
[EndTime "14:08:04 PDT"]
[Termination "BilodeauA won by checkmate"]

1. Nf3 c5 2. e3 g6 3. d4 Bg7 4. Be2 Nf6 5. O-O cxd4 6. exd4 O-O 7. c4 d5 8. Nc3 Nc6 9. Bf4 Bg4 10. c5 Bxf3 11.
Bxf3 e6 12. Rb1 Ne8 13. Ne2 a5 14. a3 Nc7 15. Bxc7 Qxc7 16. b4 axb4 17. axb4 Ra3 18. b5 Ne7 19. Qc1 Rfa8 20. Qb2 Nf5 21. Ra1 Rxa1 22.
Rxa1 Rxa1+ 23. Qxa1 Qxc5 24. Qa8+ Qf8 25. Qxb7 Nxd4 26. Nxd4 Bxd4 27. g3 Qb4 28. Qa8+ Kg7 29. Qa2 Qxb5 30. Kg2 Qb8 31. Qe2 Qa7 32. Qc2 Bf6 33.
Qb3 Qd4 34. h4 Qd2 35. Qd1 Qb2 36. Qe2 Qb6 37. Qd2 h5 38. Qe2 Bd4 39. Qd2 f5 40. Qe2 Bf6 41. Qd2 Qd6 42. Kf1 Qc5 43. Kg2 Kf7 44. Kf1 d4 45. Qd3 e5 46. Bxh5 gxh5 47. Qxf5 Qc1+ 48. Kg2 Qc6+ 49. Kf1 Ke7 50. Qh7+ Ke6 51. Qg8+ Kd6 52. Qg6 Qc1+ 53. Kg2 Qc6+ 54.
Kf1 Kc5 55. Qxh5 Qh1+ 56. Ke2 Qe4+ 57. Kf1 d3 58. Qd1 Qh1# 0-1

[Event "Late-Titled-Tuesday-Blitz-June-25-2024"]
[Site "Chess.com"]
[Date "2024.06.25"]
[Round "1"]
[White "Bkmzzzzz"]
[Black "dennisodessa"]
[Result "1-0"]
[WhiteElo "2398"]
[BlackElo "2654"]
[TimeControl "180+1"]
[EndTime "14:08:04 PDT"]
[Termination "Bkmzzzzz won by checkmate"]

1. e4 e6 2. Nf3 d5 3. exd5 exd5 4. d4 Bd6 5. c4 Nf6 6. c5 Be7 7. Bd3 O-O 8. O-O b6 9. cxb6 axb6 10. Bg5 c5 11.
Nc3 Nc6 12. h3 Be6 13. Re1 Qb8 14. Bb5 Qd6 15. Qd2 Rac8 16. Bf4 Qd8 17. Rad1 Ne4 18. Nxe4 dxe4 19. Rxe4 Bd5 20. Bxc6 Rxc6 21. Re3 Bxa2 22.
b3 cxd4 23. Nxd4 Rc5 24. Qxa2 Rd5 25. Red3 Bf6 26. Be3 Qd7 27. R3d2 Rd8 28. Nf3 Qc6 29. Rxd5 Rxd5 30. Rxd5 Qxd5 31. Qc2 Qd8 32. Qc6 h6 33.
Bxb6 Qd1+ 34. Kh2 Qxb3 35. Be3 Qd3 36. Qa8+ Kh7 37. Qa5 Qe4 38. Qd2 g6 39. Bxh6 Qf5 40. Bf4 Kg7 41. Bg3 Qe4 42. Qe3 Qc6 43. Be5 Kh7 44.
Bxf6 Qxf6 45. Qe5 Qd8 46. Ng5+ Kg8 47. Ne4 Qc8 48. Nf6+ Kg7 49. Nh5+ Kh6 50. Ng3 Kh7 51. Qf6 Qd7 52. f4 Kg8 53. Ne4 Qc7 54. Ng5 Qd7 55. Qe5 Qb7 56. Ne4 Qc8 57. Nf6+ Kg7 58. Nh5+ Kh6 59.
Qg7+ Kxh5 60. Qh7# 1-0

[Event "Late-Titled-Tuesday-Blitz-June-25-2024"]
[Site "Chess.com"]
[Date "2024.06.25"]
[Round "1"]
[White "wonderfultime"]
[Black "zajka-molotok"]
[Result "1/2-1/2"]
[WhiteElo "3047"]
[BlackElo "2526"]
[TimeControl "180+1"]
[EndTime "14:08:05 PDT"]
[Termination "Game drawn by repetition"]

1. d4 d5 2. Nf3 Nf6 3. Bf4 c5 4. c3 e6 5. e3 Bd6 6. Nbd2 O-O 7. Bd3 Bxf4 8. exf4 b6 9. Qe2 a5 10. O-O Ba6 11. Bxa6 Nxa6 12. Rfe1 Qd6 13. g3 Nb8 14. Nf1 Nc6 15. Rad1 Rfd8 16. Ne3 a4 17. a3 g6 18. h4 cxd4 19. Nxd4 Nxd4 20. Rxd4 Qc6 21. c4 dxc4 22. Rxc4 Qb5 23. Qc2 Nd5 24. Ng4 Qa6 25.
Rc1 Qb7 26. Qe4 Rd7 27. Qe5 h5 28. Nh2 Rad8 29. Rxa4 b5 30. Rd4 b4 31. axb4 Nxb4 32. Rxd7 Qxd7 33. Qe4 Nd3 34. Rd1 Qb5 35. Nf3 Rd5 36.
Ng5 Nxb2 37. Ra1 Rd1+ 38. Rxd1 Nxd1 39. Qd4 Qd5 40. Qa7 Qf5 41. Qd4 Qd5 42. Qf6 Qd7 43. Ne4 Qd5 44. Qe5 Qxe5 45. fxe5 Nb2 46. f4 Nd3 47.
Kf1 Nb4 48. Ke2 Nd5 49. Kd3 Kf8 50. Kd4 Ke7 51. Nd6 Nc7 52. Ke4 Nd5 53. Kf3 Nc3 54.
g4 hxg4+ 55. Kxg4 Nd5 56. Ne4 Ne3+ 57. Kg5 Nd5 58. Nd6 Ne3 59. Ne4 Nd5 60. Nd6 Ne3 61.
Ne4 1/2-1/2

[Event "Late-Titled-Tuesday-Blitz-June-25-2024"]
[Site "Chess.com"]
[Date "2024.06.25"]
[Round "1"]
[White "Flawless_Fighter"]
[Black "SharathRk6"]
[Result "0-1"]
[WhiteElo "2796"]
[BlackElo "2480"]
[TimeControl "180+1"]
[EndTime "14:08:05 PDT"]
[Termination "SharathRk6 won by resignation"]

1. Nf3 Nf6 2. g3 g6 3. Bg2 Bg7 4. d4 O-O 5. O-O d5 6. c4 c6 7. cxd5 cxd5 8. Nc3 Nc6 9. Ne5 Bf5 10. Nxc6 bxc6 11. Bf4 Rc8 12. Rc1 Nd7 13. b3 e5 14.
dxe5 Nxe5 15. h3 Re8 16. Be3 h5 17. Bxa7 Qd7 18. Bd4 Bxh3 19. e3 Qf5 20. Bxe5 Bxg2 21.
Kxg2 Bxe5 22. Qf3 Qg5 23. Rh1 Ra8 24. Ne2 Rxa2 25. Rxc6 Rb2 26. Rb6 Rc8 27. Rb7 Bf6 28. Nf4 Rcc2 29. Rf1 d4 30. Nd5 Kg7 31. exd4 Rd2 32.
Nf4 Kg8 33. d5 Qe5 34. Nd3 Rxd3 35. Qxd3 Qd6 36. Qf3 Rd2 37. Rd1 Rc2 38. Re1 h4 39. gxh4 Rc3 40. Re8+ Kg7 41. Qe4 Rc5 42. h5 Rxd5 43.
h6+ Kxh6 44. Rxf7 Rg5+ 45. Kf3 Qd1+ 46. Qe2 Qxb3+ 47. Qe3 Qxf7 48. Re4 Bd4+ 49. Qf4 Qxf4+ 50. Rxf4 Rf5 51. Rxf5 gxf5 52. Kf4 Kg6 53. f3 Kf6 54. Kg3 Ke5 55. f4+ Ke4 56. Kg2 Kxf4 0-1

[Event "Late-Titled-Tuesday-Blitz-June-25-2024"]
[Site "Chess.com"]
[Date "2024.06.25"]
[Round "1"]
[White "semchik90"]
[Black "karinachess1"]
[Result "0-1"]
[WhiteElo "2394"]
[BlackElo "2679"]
[TimeControl "180+1"]
[EndTime "14:08:07 PDT"]
[Termination "karinachess1 won by resignation"]

1. Nf3 Nf6 2. c4 e6 3. d4 d5 4.
Nc3 Bb4 5. e3 O-O 6. Bd3 c5 7.
cxd5 exd5 8. O-O Nc6 9. a3 Ba5 10. dxc5 Bxc3 11. bxc3 Qe7 12. c4 Qxc5 13. cxd5 Nxd5 14.
Bb2 h6 15. Nd4 Nxd4 16. Bxd4 Qe7 17. Qh5 Nf6 18. Qh4 Be6 19. Rab1 b6 20. Rfd1 Rfd8 21. Be5 Rac8 22. Ba6 Rxd1+ 23. Rxd1 Rd8 24. Rxd8+ Qxd8 25. Qd4 Qxd4 26. Bxd4 Kf8 27. Be5 Nd7 28. Bd6+ Ke8 29.
f4 Kd8 30. Kf2 Nc5 31. Bxc5 bxc5 32. e4 Kc7 33. Ke3 Kb6 34. Be2 f6 35. f5 Bf7 36.
e5 fxe5 37. Ke4 c4 38. Kxe5 Kc5 39. g4 c3 40. Bd3 Bb3 41. h4 c2 42. Bxc2 Bxc2 43.
f6 gxf6+ 44. Kxf6 Bd1 45. g5 hxg5 46. hxg5 Kb5 47. g6 Ka4 48. g7 Bb3 49. Ke5 Kxa3 50.
Kd4 a5 51. Kc3 Ka2 52. g8=Q Bxg8 53. Kc2 Bh7+ 54. Kc1 a4 55. Kd2 Kb2 0-1

[Event "Late-Titled-Tuesday-Blitz-June-25-2024"]
[Site "Chess.com"]
[Date "2024.06.25"]
[Round "1"]
[White "ALRS-SPS"]
[Black "fin"]
[Result "0-1"]
[WhiteElo "2443"]
[BlackElo "2748"]
[TimeControl "180+1"]
[EndTime "14:08:08 PDT"]
[Termination "fin won by checkmate"]

1. e4 c5 2. Nf3 Nc6 3. d4 cxd4 4. Nxd4 Nf6 5. Nc3 e5 6. Ndb5 d6 7. Bg5 a6 8. Na3 b5 9. Nd5 Be7 10. Bxf6 Bxf6 11. c3 Bg5 12. Nc2 Rb8 13. a4 bxa4 14. Ncb4 Nxb4 15. Nxb4 O-O 16. Be2 Bd7 17. Bxa6 Kh8 18.
O-O f5 19. exf5 Rxf5 20. Qxd6 Be7 21. Qd3 Bxb4 22. cxb4 e4 23. Qxe4 Qf6 24. b5 Bxb5 25. Bxb5 Rfxb5 26. Rxa4 Rxb2 27. Ra8 h6 28. Rxb8+ Rxb8 29. Qe2 Qc6 30. Re1 Rd8 31. h3 Qc5 32. Qe3 Qc6 33. Qe4 Qc5 34. Qe3 Qf5 35. Re2 Rf8 36. Kh2 Qd5 37. Rd2 Qb5 38. Re2 Qb8+ 39. Qg3 Qb4 40. Qe3 Qd6+ 41. Qg3 Qf6 42. f3 Qf5 43.
Qe5 Qg6 44. Re4 Qf7 45. Qe6 Qh5 46. Qe7 Rf7 47. Qe8+ Kh7 48. Qe5 Rf5 49. Qg3 Qf7 50. Rg4 Rd5 51. Rf4 Qd7 52. Re4 Rd2 53. Qg4 Qc7+ 54.
Qg3 Qf7 55. Rf4 Qa7 56. Re4 Rd1 57. Qf4 Qg1+ 58. Kg3 Rd5 59. Re5 Rd6 60. Qe4+ Rg6+ 61. Kf4 Qxg2 62. Re6 Qg5# 0-1

[Event "Late-Titled-Tuesday-Blitz-June-25-2024"]
[Site "Chess.com"]
[Date "2024.06.25"]
[Round "1"]
[White "Crazy_girl99"]
[Black "jbking07"]
[Result "1-0"]
[WhiteElo "2695"]
[BlackElo "2400"]
[TimeControl "180+1"]
[EndTime "14:08:08 PDT"]
[Termination "Crazy_girl99 won by checkmate"]

1. e4 c5 2. Nf3 d6 3. d4 cxd4 4. Nxd4 Nf6 5. Nc3 Nc6 6. Bg5 e6 7. f4 h6 8. Bh4 a6 9. Nxc6 bxc6 10.
e5 g5 11. fxg5 Nd5 12. Nxd5 cxd5 13. Qh5 Bg7 14. g6 Qa5+ 15. c3 Bxe5 16. gxf7+ Kf8 17. Bd3 d4 18. Qf3 Ra7 19. O-O dxc3 20. bxc3 Bb7 21.
Be7+ Kxe7 22. f8=Q+ Rxf8 23. Qxf8+ Kd7 24. Rf7+ Kc6 25.
Qe8+ Kd5 26. c4+ Kc5 27. Rb1 Qd2 28. Rfxb7 Rxb7 29. Qc8+ Kd4 30. Qxb7 Qe3+ 31. Kh1 Qxd3 32. Qb6+ Ke4 33. Re1+ Kf4 34. Qf2+ Kg5 35. Qe3+ Qxe3 36.
Rxe3 Kf4 37. Re2 d5 38. c5 d4 39. c6 Bc7 40. Rxe6 d3 41. Re7 d2 42. Rd7 Ba5 43.
h3 Kf5 44. g4+ Ke4 45. Kg2 Ke3 46. h4 Ke2 47. g5 hxg5 48. hxg5 d1=Q 49. Rxd1 Kxd1 50.
g6 Bc3 51. c7 Kc2 52. c8=Q Kb2 53. Qxc3+ Kxc3 54. g7 Kb2 55. g8=Q Ka3 56. Qb3# 1-0

[Event "Late-Titled-Tuesday-Blitz-June-25-2024"]
[Site "Chess.com"]
[Date "2024.06.25"]
[Round "1"]
[White "chessbaerchen"]
[Black "glebus008"]
[Result "0-1"]
[WhiteElo "2636"]
[BlackElo "2387"]
[TimeControl "180+1"]
[EndTime "14:08:10 PDT"]
[Termination "glebus008 won by resignation"]

1. e4 Nc6 2. d4 d5 3. e5 f6 4. f4 Bf5 5. c3 e6 6. Nf3 Be7 7.
Bd3 Nh6 8. O-O O-O 9. Be3 Bxd3 10.
Qxd3 fxe5 11. fxe5 Nf5 12. Bf2 Qe8 13. Nbd2 Qg6 14.
Qb5 Rab8 15. Rae1 Rf7 16. a4 h5 17. b4 Qh7 18. Kh1 g5 19. Ng1 g4 20. Qe2 Rbf8 21. g3 Bg5 22. Nb3 b6 23. Qd3 Nce7 24. Ne2 Ne3 25. Qxh7+ Kxh7 26. Bxe3 Rxf1+ 27. Rxf1 Rxf1+ 28. Kg2 Rf5 29. Bxg5 Rxg5 30. Nf4 Rg6 31. Nxg6 Kxg6 32. Nc1 Kf5 33. Kf2 Ke4 34. Ke2 Nf5 35. Nd3 Ne7 36. Nf4 h4 37. Nxe6 h3 38. Nxc7 Nf5 39. Ne6 Nxg3+ 40.
Kf2 Nf5 41. Ke2 Ng3+ 42. Kf2 Nf5 43. Ng5+ Kd3 44. e6 Kxc3 45. Nf7 Kxd4 46. Ke2 g3 47. Ng5 gxh2 48. Nf3+ Kc4 49. Nxh2 Kxb4 50. Kd3 Kxa4 51. Ng4 Kb5 52. Kc3 a5 53. Kd3 a4 54. Ne3 h2 55.
Nxf5 h1=Q 56. Nd6+ Kc6 57. e7 Qd1+ 58. Kc3 Qe1+ 59.
Kd4 Kxd6 0-1